cohdb
Replays
Latest Replays
All Replays
Popular Replays
Top Player Replays
Match Explorer
How It Works
Community
CoH3 Stats
Reddit
Sign in to upload your games and track your stats! →
Sign in with Steam
Match 45877191
Unlisted
Match 45877191
Overview
Messages
Build Orders
End
Selects Airborne Battlegroup
Selects Pathfinders
Pathfinder Squad
Construct Weapon Support Center
Engineer Squad
M1919 Machine Gun Team
Pathfinder Squad
Mechanized Support Center
Bazooka Squad
M1919 Machine Gun Team
M3 Armored Personnel Carrier
Pathfinder Squad
Pathfinder Squad
Construct Tank Depot
Selects Recon Loiter
Selects Supply Drop
Improvised Armor
M1919 Machine Gun Team
Recon Loiter
Engineer Squad
Selects Paratrooper Squad Paradrop
Rangiku licking icecream
Yong_Old Yong
michalcewicz85
kimchismell
是谁最爱吃哈基米
winter
id7
BOSS
0
0
Comments
sign in to comment!
No comments posted yet!